Cogmind - Beta 10.2 @@@ ROGUE MODE // 2022.01.04 @ 11:11:29 Player: GoSagan Result: Destroyed by G-47 Trooper with Particle Gun Performance ------------- Evolutions (2) 1000 Regions Visited (4) 800 Robots Destroyed (73) 365 Value Destroyed (1438) 1438 Prototype IDs (0) 0 Alien Tech Used (0) 0 Bonus (89) 89 TOTAL SCORE: 3692 Bonus ------- High Alert Combat Kills 89 Cogmind --------- Core Integrity 0/550 Matter 125/300 Energy 15/100 System Corruption 0% Temperature Cool (9) Movement Core (50) Location -8/Materials Parts ------- > --- POWER (2) -------- (None) > --- PROPULSION (4) --- (None) > --- UTILITY (2) ------ (None) > --- WEAPON (3) ------- (None) > --- INVENTORY (4) ---- Light Ion Engine Aluminum Leg Target Analyzer Mini Grenade Launcher Peak State ------------ > --- POWER ------------ Light Ion Engine Light Deuterium Engine > --- PROPULSION ------- Carbon-fiber Leg Carbon-fiber Leg Carbon-fiber Leg > --- UTILITY ---------- Medium Battery Advanced Terrain Scanner > --- WEAPON ----------- Mini Grenade Launcher Mini Grenade Launcher Plasma Cutter > --- INVENTORY -------- Aluminum Leg Improved Aluminum Leg Wheel [Rating: 23] Favorites ----------- Power Ion Engine Engine Ion Engine Power Core Nuclear Core Propulsion Aluminum Leg Leg Aluminum Leg Wheel Wheel Flight Unit Flight Unit Utility Medium Battery Device Advanced Terrain Scanner Storage Medium Battery Protection Hardened Light Armor Plating Weapon Mini Grenade Launcher Energy Cannon EM Pulse Cannon Ballistic Gun Light Assault Rifle Launcher Mini Grenade Launcher Special Weapon Plasma Cutter Build | -11 -10 -9 -9 -8 ------- Run | Scr Mat Mat Min Mat Slots Evolved 4 | . . 2 . 2 Power 1 | . . . . 1 Propulsion 2 | . . 2 . . Utility . | . . . . . Weapon 1 | . . . . 1 Parts Attached 55 | 5 8 27 . 15 Power 9 | 1 1 3 . 4 Engine 8 | 1 1 3 . 3 Core 1 | . . . . 1 Reactor . | . . . . . Propulsion 19 | 2 3 11 . 3 Treads . | . . . . . Leg 12 | 2 . 8 . 2 Wheel 2 | . . 1 . 1 Hover . | . . . . . Flight 5 | . 3 2 . . Utility 8 | . 2 5 . 1 Device 2 | . . 1 . 1 Storage 4 | . 2 2 . . Processor . | . . . . . Hackware . | . . . . . Protection 2 | . . 2 . . Artifact . | . . . . . Weapon 19 | 2 2 8 . 7 Energy Gun . | . . . . . Energy Cannon 3 | . . 1 . 2 Ballistic Gun 9 | 2 2 2 . 3 Ballistic Cannon . | . . . . . Launcher 6 | . . 5 . 1 Special Weapon 1 | . . . . 1 Impact Weapon . | . . . . . Slashing Weapon . | . . . . . Piercing Weapon . | . . . . . Special Melee Weapon . | . . . . . Unidentified Prototypes . | . . . . . Parts Lost 38 | . 1 20 . 17 Power 6 | . . 4 . 2 Propulsion 14 | . 1 7 . 6 Utility 4 | . . 2 . 2 Weapon 14 | . . 7 . 7 Highest Loss Streak 13 | . 1 5 . 13 Average Slot Usage (%) 70 | . 83 66 77 66 Engine 8 | . 14 6 . 7 Leg 21 | . 19 20 44 23 Wheel 1 | . . 1 . 2 Flight 6 | . 7 9 . . Device 1 | . . 1 . 4 Storage 7 | . 13 3 11 8 Protection 2 | . . 5 . . Ballistic Gun 10 | . 27 7 . 1 Launcher 9 | . . 10 22 14 Naked Turns 1 | . . . . 1 Heaviest Build 27 | 7 27 18 4 16 Greatest Support 60 | 20 20 60 30 45 Greatest Overweight (x) 5 | . 2 3 . 5 Average Overweight (x) . | . . . . . Largest Inventory Capacity 10 | 4 10 6 4 4 Average Capacity 5 | 4 8 4 4 4 Most Carried 9 | 4 9 4 3 4 Average Carried 2 | 1 3 1 3 2 Final Capacity 4 | 4 4 4 4 4 Final Carried 4 | 3 4 3 3 4 Class Distribution -------------------- 68% | Mutant 31% | Scavenger-Mutant Dominant Class ---------------- Mutant | -10/Materials Scavenger-Mutant | -9/Materials Mutant | -9/Mines Mutant | -8/Materials Resources | -11 -10 -9 -9 -8 ----------- Run | Scr Mat Mat Min Mat Matter Collected 1327 | 216 192 707 21 191 Remotely . | . . . . . Salvage Created 1257 | . 261 805 14 177 Parts 129 | . 24 81 1 23 Haulers Intercepted . | . . . . . Recyclers Shooed 2 | . 1 1 . . Parts Field Recycled . | . . . . . Retrieved Matter . | . . . . . Parts Self-Destructed . | . . . . . Prevented . | . . . . . Kills | -11 -10 -9 -9 -8 ------- Run | Scr Mat Mat Min Mat Combat Hostiles Destroyed 49 | . 12 29 1 7 Guns 25 | . 12 11 . 2 Cannons 1 | . . . . 1 AOE 23 | . . 18 1 4 Classes Destroyed 12 | . 2 9 . 1 Worker 6 | . . 5 . 1 Builder 7 | . . 3 . 4 Tunneler 3 | . . 3 . . Recycler 2 | . . 2 . . Operator 1 | . . 1 . . Watcher 5 | . . 3 . 2 Swarmer 26 | . 9 14 . 3 Grunt 13 | . 3 9 1 . Duelist 1 | . . 1 . . Protector 1 | . . 1 . . Sentry 7 | . . 4 . 3 Hunter 1 | . . . . 1 Best Kill Streak 12 | . 3 12 1 6 Combat Bots Only 5 | . 3 5 1 2 Max Kills in Single Turn 5 | . 1 5 1 3 Gunslinging . | . . . . . Exploded 3 | . . 3 1 1 Melee . | . . . . . Uniques/NPCs Destroyed . | . . . . . Combat | -11 -10 -9 -9 -8 -------- Run | Scr Mat Mat Min Mat Damage Taken 3957 | . 425 1800 25 1707 Core 954 | . 59 332 . 563 Absorbed by Shields . | . . . . . Core Remaining (%) 64 | 100 76 . 17 . Volleys Fired 169 | . 39 90 1 39 Largest 2 | . 2 2 2 2 Hottest 126 | . 40 60 60 126 Shots Fired 278 | . 71 148 2 57 Gun 183 | . 71 102 . 10 Cannon 6 | . . . . 6 Launcher 75 | . . 46 2 27 Special 14 | . . . . 14 Kinetic 183 | . 71 102 . 10 Thermal 14 | . . . . 14 Explosive 75 | . . 46 2 27 Electromagnetic 6 | . . . . 6 Robot Hit Streak 12 | . 6 12 1 11 Robot Miss Streak 6 | . 6 4 3 2 Penetration Max . | . . . . . Secondary Targets 4 | . 3 1 . . Max Gunslinging Chain 1 | . 1 1 . . Shots Hit Robots 171 | . 38 90 1 42 Core Hits 127 | . 18 80 1 28 Critical Hits 2 | . 1 . . 1 Critical Kills 1 | . 1 . . . Critical Parts Destroyed 1 | . . . . 1 Melee Attacks . | . . . . . Impact . | . . . . . Slashing . | . . . . . Piercing . | . . . . . Sneak Attacks . | . . . . . Combat Hostiles . | . . . . . Follow-up Attacks . | . . . . . Damage Inflicted 4560 | . 333 3118 76 1033 Guns 1053 | . 333 657 . 63 Cannons 163 | . . . . 163 Explosions 3208 | . . 2414 76 718 Melee . | . . . . . Ramming 59 | . . 47 . 12 Kinetic 1053 | . 333 657 . 63 Thermal 77 | . . . . 77 Explosive 3208 | . . 2414 76 718 Electromagnetic 163 | . . . . 163 Impact . | . . . . . Slashing . | . . . . . Piercing . | . . . . . Highest Corruption 5 | . 2 5 5 . Average Corruption 3 | . 2 5 5 . Corruption Purged . | . . . . . Effects 19 | . 2 14 3 . Message Errors 5 | . 1 4 . . Matter Fused 2 | . . 1 1 . Heat Flow Errors 3 | . . 2 1 . Energy Discharges 1 | . . 1 . . Data Loss (minor) 5 | . 1 3 1 . Targeting Errors 3 | . . 3 . . Overload Shots . | . . . . . Overflow Damage 159 | . . 137 . 22 Projectiles 18 | . . . . 18 Explosions 141 | . . 137 . 4 Melee . | . . . . . Knockbacks . | . . . . . Impact . | . . . . . Kinetic . | . . . . . Secondary . | . . . . . Self-Inflicted Damage 345 | . . 212 . 133 Shots 13 | . . 8 . 5 Rammed 29 | . . 25 . 4 Targets Rammed 31 | . . 25 . 6 Kicked 2 | . . . . 2 Crushed . | . . . . . Highest Temperature 253 | . 14 253 120 93 Average Temperature 29 | . 6 32 67 33 Received Heat Transfer 1029 | . 78 405 12 534 Effects 1 | . . 1 . . Interference 1 | . . 1 . . Siege Activations . | . . . . . Robots Corrupted . | . . . . . Combat Hostiles . | . . . . . Parts Fried . | . . . . . Impact Corruptions . | . . . . . Robots Melted . | . . . . . Combat Hostiles . | . . . . . Parts Melted 1 | . . . . 1 Heat Transferred 259 | . . . . 259 Parts Sabotaged . | . . . . . Parts Stolen . | . . . . . Parts Stripped . | . . . . . Power Chain Reactions . | . . . . . Missiles Intercepted . | . . . . . Alert | -11 -10 -9 -9 -8 ------- Run | Scr Mat Mat Min Mat Peak Influence 748 | . 235 748 232 562 Initial 212 | . . 65 212 90 Average 301 | . 91 382 231 370 Maximum Alert Level 3 | . 1 3 1 2 Low Security (%) 37 | 100 95 22 . 11 Level 1 27 | . 4 26 100 46 Level 2 33 | . . 47 . 42 Level 3 1 | . . 3 . . Level 4 . | . . . . . Level 5 . | . . . . . High Security . | . . . . . Max Security . | . . . . . Squads Dispatched 5 | . 2 2 . 1 Investigation 2 | . . 1 . 1 Extermination . | . . . . . Reinforcement 2 | . 2 . . . Assault 1 | . . 1 . . Garrison . | . . . . . Intercept . | . . . . . Construction Impeded . | . . . . . Haulers Reinforced . | . . . . . Stealth | -11 -10 -9 -9 -8 --------- Run | Scr Mat Mat Min Mat Distress Signals 4 | . 1 2 . 1 Communications Jammed . | . . . . . Distress Signals . | . . . . . Times Spotted 95 | . 17 49 2 27 Peak Tracking Total 8 | . 4 8 2 5 Tactical Retreats 13 | . . 8 . 5 Traps | -11 -10 -9 -9 -8 ------- Run | Scr Mat Mat Min Mat Traps Triggered 3 | . 1 1 . 1 Indirectly . | . . . . . Trap Hack Attempts . | . . . . . Triggered . | . . . . . Disarmed . | . . . . . Reprogrammed . | . . . . . Reused . | . . . . . Traps Extracted . | . . . . . Installed . | . . . . . Triggered . | . . . . . Machines | -11 -10 -9 -9 -8 ---------- Run | Scr Mat Mat Min Mat Machines Disabled 8 | . . 5 . 3 Max in Single Turn 1 | . . 1 . 1 Machines Sabotaged . | . . . . . Garrisons Compromised . | . . . . . Overloaded Fab Kills . | . . . . . Fab Network Shutdowns . | . . . . . Hacking | -11 -10 -9 -9 -8 --------- Run | Scr Mat Mat Min Mat Machines Accessed 3 | . 2 1 . . Terminals 1 | . 1 . . . Fabricators . | . . . . . Repair Stations 1 | . 1 . . . Recycling Units . | . . . . . Scanalyzers 1 | . . 1 . . Garrison Access . | . . . . . Total Hacks 4 | . 3 1 . . Successful 4 | . 3 1 . . Failed . | . . . . . Catastrophic . | . . . . . Database Lockouts . | . . . . . Manual . | . . . . . Terminals 2 | . 2 . . . Fabricators . | . . . . . Repair Stations 1 | . 1 . . . Recycling Units . | . . . . . Scanalyzers 1 | . . 1 . . Garrison Access . | . . . . . Terminal Hacks 2 | . 2 . . . Alert Level 1 | . 1 . . . Zone Layout 1 | . 1 . . . Fabricator Hacks . | . . . . . Repair Station Hacks 1 | . 1 . . . Scan Component 1 | . 1 . . . Recycling Unit Hacks . | . . . . . Scanalyzer 1 | . . 1 . . Insert Component 1 | . . 1 . . Garrison Access Hacks . | . . . . . Unauthorized Hacks . | . . . . . Terminals . | . . . . . Fabricators . | . . . . . Repair Stations . | . . . . . Recycling Units . | . . . . . Scanalyzers . | . . . . . Garrison Access . | . . . . . Data Cores Recovered 1 | . . 1 . . Used . | . . . . . Hacking Detections 1 | . . 1 . . Full Trace Events . | . . . . . Feedback Events . | . . . . . Feedback Blocked . | . . . . . Robot Schematics Acquired . | . . . . . Robots Built . | . . . . . Matter . | . . . . . Time . | . . . . . Total Robot Build Rating . | . . . . . Part Schematics Acquired . | . . . . . Parts Built . | . . . . . Matter . | . . . . . Time . | . . . . . Total Part Build Rating . | . . . . . Parts Repaired . | . . . . . Time . | . . . . . Parts Recycled . | . . . . . Recycled Matter . | . . . . . Retrieved Matter . | . . . . . Retrieved Components . | . . . . . Parts Scanalyzed . | . . . . . Part Schematics Acquired . | . . . . . Parts Damaged . | . . . . . Bothacking | -11 -10 -9 -9 -8 ------------ Run | Scr Mat Mat Min Mat Used RIF Installer . | . . . . . Robots Hacked . | . . . . . Non-combat . | . . . . . Combat . | . . . . . Robot Hacks Applied . | . . . . . Relay Couplers Released . | . . . . . Robots Rewired . | . . . . . Allies Hacked . | . . . . . Hacks Repelled . | . . . . . Allies | -11 -10 -9 -9 -8 -------- Run | Scr Mat Mat Min Mat Total Allies . | . . . . . Largest Group . | . . . . . Highest-Rated Group . | . . . . . Highest-Rated Ally . | . . . . . Total Orders . | . . . . . Ally Attacks . | . . . . . Total Damage . | . . . . . Kills . | . . . . . Allies Corrupted . | . . . . . Allies Melted . | . . . . . Intel | -11 -10 -9 -9 -8 ------- Run | Scr Mat Mat Min Mat Robot Analysis Total . | . . . . . Derelict Logs Recovered . | . . . . . Drone Launches . | . . . . . Drone Recoveries . | . . . . . Exploration | -11 -10 -9 -9 -8 ------------- Run | Scr Mat Mat Min Mat Turns Passed 2512 | 71 541 1273 78 549 Spaces Moved 1963 | 64 433 1036 63 367 Core 190 | 26 . 80 . 84 Treads . | . . . . . Legs 1044 | 38 210 450 63 283 Wheels 157 | . . 157 . . Hover . | . . . . . Flight 572 | . 223 349 . . Fastest Speed 31 | 50 37 31 120 50 Average Speed 95 | 91 92 92 120 106 Slowest Speed 300 | 120 180 200 120 300 Overloaded Moves . | . . . . . Propulsion Burnouts . | . . . . . Robots Hopped 13 | . 4 9 . . Cave-ins Triggered . | . . . . . Exploration Rate (%) 34 | 3 66 58 16 31 Regions Visited 4 Branch Regions 1 Pre-discovered Areas 1 | . . . 1 . Known Exits Taken . | . . . . . Unknown Exits Taken 4 | 1 1 1 1 . Scrap Searched . | . . . . . Spaces Dug . | . . . . . Terrain Destroyed 391 | . . 276 18 97 Melee . | . . . . . Projectile . | . . . . . AOE 391 | . . 276 18 97 Terrain Rammed . | . . . . . Walls Destroyed . | . . . . . Machines Disabled . | . . . . . Actions | -11 -10 -9 -9 -8 --------- Run | Scr Mat Mat Min Mat Total 2332 | 76 517 1220 63 456 Wait 31 | . 10 13 . 8 Move 1935 | 63 424 1019 62 367 Hop 11 | . 4 7 . . Pick Up 65 | 8 14 28 . 15 Fast Attach . | . . . . . Attach 51 | 5 7 27 . 12 Detach 12 | . 6 4 . 2 Swap 4 | . 1 . . 3 Drop 23 | . 12 7 . 4 Fire 169 | . 39 90 1 39 Melee . | . . . . . Ram 24 | . . 24 . . Kick 7 | . . 1 . 6 Crush . | . . . . . Escape Stasis . | . . . . . Rewire . | . . . . . Trap . | . . . . . Miscellaneous . | . . . . . Route ------- -11/Scrapyard -10/Materials (discovered 3 exits: *Mat x2 / [*Min]) -9/Materials -9/Mines -8/Materials (discovered 1 exit: [*Fac]) History --------- Turn | Location | Event 37 | -11/Scrapyard | Discovered new exit (range 16) 72 | -11/Scrapyard | Entered Materials 315 | -10/Materials | Build established: Mutant 364 | -10/Materials | Discovered new exit (range 3) 538 | -10/Materials | Discovered new exit (range 12) 605 | -10/Materials | Discovered new exit (range 12) 613 | -10/Materials | Entered another Materials area 613 | -9/Materials | Evolved 2 slots: Propulsion x2 827 | -9/Materials | Lost 3 parts (1p1n1w) 907 | -9/Materials | Build established: Scavenger-Mutant 963 | -9/Materials | Lost 4 parts (1p2n1w) 1425 | -9/Materials | Lost 5 parts (1p2n2w) 1483 | -9/Materials | Core integrity fell below 50% 1493 | -9/Materials | Lost 4 parts (2n2w) 1693 | -9/Materials | Build established: Mutant 1813 | -9/Materials | First assault squad dispatched 1869 | -9/Materials | Discovered new exit (range 13) 1872 | -9/Materials | Core integrity fell below 20% 1886 | -9/Materials | Entered Mines 1891 | -9/Mines | YI-UF0 nonchalantly dropped a Grenade Launcher on the ground 1951 | -9/Mines | Discovered new exit (range 12) 1956 | -9/Mines | Learned location of Storage (-7) 1964 | -9/Mines | Entered Materials 1964 | -8/Materials | Evolved 2 slots: Power x1, Weapon x1 2415 | -8/Materials | Core integrity fell below 50% 2474 | -8/Materials | Discovered new exit (range 12) 2493 | -8/Materials | Core integrity fell below 20% 2513 | -8/Materials | Destroyed by G-47 Trooper with Particle Gun Last Messages --------------- 02474_ Fusion Modulator explodes. 02474_ G-47 Trooper destroyed. 02474_ EM Pulse Cannon destroyed. 02474_ EXIT=FOUND 02474_ G-50 Soldier destroyed. 02474_ Wheel destroyed. 02474_ Imp. Aluminum Leg destroyed. 02474_ EM Pulse Cannon destroyed. 02475_ Acquired 31 matter. 02476_ Acquired 29 matter. 02478_ Acquired Target Analyzer. 02480_ Acquired Aluminum Leg. 02487_ Med. Battery destroyed. 02490_ Triggered Alarm Trap. 02490_ An alarm sounds. 02490_ ALERT: Alarm triggered, dispatching investigation squad. 02491_ U-05 Engineer lays Concrete. 02503_ G-47 Trooper misfires. 02512_ Adv. Terrain Scanner destroyed. 02513_ S-10 Pest destroyed. Map ----- +----------------------------------------------------+ | #### ######## #???? ?# "" | | " # % #??????# "" | | " # ######## +??????# "" | | " + ##########/######+#####?#?#?# #? ????# ? | | # #??????# # ??? ??????#?? #??????###? | | # #????#?# # ?????????#??? #?????????? | | # #??????# # ???????#??? #??"??????? | | #### #????### #??????##?#??#? #? ???????? | | ##?# #??#???# #? ???????????? #??? ?????? | | ### ##???### #?????????????? ??#???????? | | ## #???#??######/#??#????#??#??????##????????? | | " #????????#??# #?????????#?????????????????? | | " #? ??? ?????# #?#??#??????????????????????? | | " #???????????#s#???????????????????????????? | | " #??? ??????#s###############?? ??????????? | | " # ?? ???#### = a ????????????? | | " #???? ? ?+ s% ?????????????? | | " +?????? ?### *g ""????#?????????? | | " #??????????# """ ? ??????????? | | " #??? ??????# """ ??????????? | | ""## #???? ?????# ???????????? | | ############ ]]] ????????????? | | < ]]m """?????????????? | | ]] """?????????????? | | ###+############### g """?????????????? | | ??? ?????#??????#?# @ g #?????????? | | ?#? ???????????#??# ###+### #?????????? | | ??????????#???#######+####?????? "???????????????? | | ??????????????# #???????????????????????? | | ??????? ??#???# """ "" #?? ????????????????????? | | ??????????????# """ """ #???????????????????????? | | ????#?????????# """ S" #???????????????????????? | | ??????????????# * #???????????????????????? | | ?????? ???????############???????????????????????? | | ?????????????????????????????????????????????????? | | ?????????????????????????????????????????????????? | | ??? ?????????????????????????????????????????????? | | ?????????????????????????????????????????????????? | | ?????????????????????????????????????????????????? | | ?????????????????????????????????????????????????? | | ?????????????????????????????????????????????????? | | ?????????????????????????????????????????????????? | | ?????????????????????????????????????????????????? | | ???????????????????????????????? ????????????????? | | ?????????????????????????????????????????????????? | | ??????????????? ?????????????????????????????????? | | ?????????????????????????????????????????????????? | | ?????????????????????????????????????????????????? | | ?????????????????????????????????????????????????? | | ?????????????????????????????????????????????????? | +----------------------------------------------------+ Best States ------------- Heat Dissipation 31 Energy Generation 19 Energy Capacity 465 Matter Stores 300 Matter Capacity 500 Sight Range 16 Terrain Scan Range 20 Terrain Scan Density 10 Armor Coverage 300 Evasion (%) 63 Item Schematics ----------------- None Robot Schematics ------------------ None Fabricated ------------ Nothing Alien Tech Used ----------------- None Achievements -------------- Remodeling Significant Disruption Challenges ------------ None Game ------ Seed BeamWardroneFalx Manual? 0 Play Time 00:45:48 Cumulative 3.6 hours Start 2022.01.04 @ 07:10:43 End 2022.01.04 @ 11:11:29 Sessions 1 Manual Loads 0 Difficulty Rogue Special Mode None Game No. 8 Rogue 8 Adventurer 0 Explorer 0 Win Type - Total 0 Types 0/0/0/0/0/0/0/0/0 Lore% 4 Gallery% 8 Achievement% 7 Wizard Run 0 Options --------- ASCII 0 Keyboard 1 Movement Numpad Keybinds 0 Fullscreen 1 Font 18/SmallcapsGlow Map View 76x50 Tactical HUD 1 Map Filters NONE Filters NONE Steam 1 RUN: d3f6a465-06d5-46d5-a7bf-796e79244722